[Event "Elitserien 2019/2020, round 7-9"]
[Site "Elite stadshotellet, Kungsgatan 6, Vaxjo, Sweden"]
[Date "2020.10.16"]
[Round "1.1"]
[White "Grigorov, Grigor"]
[Black "Socko, Bartosz"]
[Result "1/2-1/2"]
[TimeControl "90 minutes for 40 moves + 30 minutes for the rest of the game + 30 seconds per move from move one."]
[WhiteTitle "GM"]
[BlackTitle "GM"]
[WhiteFideId "2907313"]
[BlackFideId "1107038"]
[WhiteElo "2507"]
[BlackElo "2619"]

1. d4 Nf6 2. c4 e6 3. Nf3 b6 4. g3 Bb7 5. Bg2 Be7 6. O-O O-O 7. Nc3 Ne4 8. Bd2 f5 9. Ne5 Nxc3 10.
Bxc3 Bxg2 11. Kxg2 Bf6 12. Qd3 d5 13. cxd5 Qxd5+ 14. Qf3 Bxe5 15. dxe5 Rd8 16. Rfd1 Qxf3+ 17. Kxf3 Nc6 18. e4 g6 19.
Ke3 Kf7 20. Rac1 Rxd1 21. Rxd1 Rd8 22. Rc1 Ne7 23. Be1 Rd7 24. b4 a6 25. f4 Ke8 26. h3 fxe4 27. Kxe4 Nf5 28. g4 Rd4+ 29.
Kf3 Ne7 30. Ke3 c5 31. bxc5 bxc5 32. Rxc5 Ra4 33. Ra5 Nd5+ 34. Kf3 Rxf4+ 35. Kg3 Re4 1/2-1/2

[Event "Elitserien 2019/2020, round 7-9"]
[Site "Elite stadshotellet, Kungsgatan 6, Vaxjo, Sweden"]
[Date "2020.10.16"]
[Round "1.2"]
[White "Blomqvist, Erik"]
[Black "Cramling, Pia"]
[Result "1/2-1/2"]
[TimeControl "90 minutes for 40 moves + 30 minutes for the rest of the game + 30 seconds per move from move one."]
[WhiteTitle "GM"]
[BlackTitle "GM"]
[WhiteFideId "1709437"]
[BlackFideId "1700030"]
[WhiteElo "2539"]
[BlackElo "2470"]

1. e4 c5 2. Nf3 d6 3. d4 cxd4 4. Nxd4 Nf6 5. Nc3 Nc6 6. Bg5 e6 7. Qd2 a6 8. O-O-O Bd7 9. f3 Nxd4 10.
Qxd4 b5 11. Kb1 h6 12. Be3 Bc6 13. Qd2 Be7 14. a3 Qc7 15. Qe1 d5 16. exd5 Nxd5 17. Nxd5 Bxd5 18. Bd4 O-O 19. Qg3 Qxg3 20.
hxg3 Rfd8 21. Bd3 Rd7 22. g4 Rad8 23. Bc3 Bc6 24. Rde1 Ra8 25. Rh5 Rd5 26. Be5 f6 27. Bc3 Rxh5 28.
gxh5 Bd5 29. b4 Bd6 30. Kb2 Kf7 31. Ra1 Rc8 32. Rd1 Ke7 33. Bd4 Rc7 34. c3 Bc4 35. Bxc4 Rxc4 36. Kb3 e5 37.
Bf2 Ke6 38. a4 e4 39. axb5 axb5 40. Re1 Be5 41. Rxe4 Rxc3+ 42. Kb2 Rc4+ 43. Kb3 Rc3+ 44. Kb2 Rc4+ 45. Kb3 Rc3+ 1/2-1/2

[Event "Elitserien 2019/2020, round 7-9"]
[Site "Elite stadshotellet, Kungsgatan 6, Vaxjo, Sweden"]
[Date "2020.10.16"]
[Round "1.3"]
[White "Berg, Emanuel"]
[Black "Bator, Robert"]
[Result "1-0"]
[TimeControl "90 minutes for 40 moves + 30 minutes for the rest of the game + 30 seconds per move from move one."]
[WhiteTitle "GM"]
[BlackTitle "IM"]
[WhiteFideId "1704060"]
[BlackFideId "1700405"]
[WhiteElo "2544"]
[BlackElo "2365"]

1. e4 c5 2. Nf3 Nc6 3. d4 cxd4 4. Nxd4 e5 5. Nb5 d6 6. c4 Be7 7. N1c3 a6 8. Na3 h6 9. Nc2 Nf6 10.
Be2 O-O 11. Be3 Be6 12. O-O Ne8 13. Nd5 Bg5 14. Bb6 Qd7 15. a4 Bd8 16. Be3 Nf6 17. f3 Nh7 18. Qd2 Rb8 19. Rfd1 Bg5 20.
a5 Bxe3+ 21. Qxe3 Ne7 22. Nb6 Qc7 23. Rd2 Rbd8 24. Rad1 f5 25. b4 Nf6 26. exf5 Nxf5 27. Qd3 Kh8 28.
Bf1 Qf7 29. Qe2 Qc7 30. Qe1 Rfe8 31. Bd3 Ne7 32. Ne3 Bg8 33. Bb1 Nc6 34. Nf5 d5 35. cxd5 Nxb4 36. Rc1 Qf7 37. d6 Nc6 38.
d7 Rf8 39. Nd6 Qh5 40. Nxb7 Nd4 41. Nxd8 Rxd8 42. Rxd4 exd4 43. Rc8 d3 44. Rxd8 Qc5+ 45. Kh1 1-0

[Event "Elitserien 2019/2020, round 7-9"]
[Site "Elite stadshotellet, Kungsgatan 6, Vaxjo, Sweden"]
[Date "2020.10.16"]
[Round "1.4"]
[White "Barkhagen, Jonas"]
[Black "Cramling, Dan"]
[Result "1/2-1/2"]
[TimeControl "90 minutes for 40 moves + 30 minutes for the rest of the game + 30 seconds per move from move one."]
[WhiteTitle "IM"]
[BlackTitle "IM"]
[WhiteFideId "1700855"]
[BlackFideId "1700162"]
[WhiteElo "2430"]
[BlackElo "2296"]

1. d4 Nf6 2. c4 c5 3. d5 b5 4. cxb5 a6 5. bxa6 g6 6. Nc3 Bg7 7. e4 O-O 8. Nf3 Qa5 9. Nd2 Bxa6 10.
Be2 e6 11. O-O exd5 12. e5 Bxe2 13. Nxe2 Ne4 14. Nb3 Qa6 15. Nf4 c4 16. Nd4 Bxe5 17. Nxd5 Qb7 18. Nf3 Bg7 19. Re1 f5 20.
Ng5 Ra5 21. Ne7+ Kh8 22. Qf3 Qb4 23. Nxg6+ Kg8 24. Bd2 Qxd2 25. Ne7+ Kh8 26. Ng6+ Kg8 27. Ne7+ Kh8 28. Ng6+ Kg8 29.
Ne7+ 1/2-1/2

[Event "Elitserien 2019/2020, round 7-9"]
[Site "Elite stadshotellet, Kungsgatan 6, Vaxjo, Sweden"]
[Date "2020.10.16"]
[Round "1.5"]
[White "Bellon Lopez, Juan Manuel"]
[Black "Kenneskog, Theodor"]
[Result "1/2-1/2"]
[TimeControl "90 minutes for 40 moves + 30 minutes for the rest of the game + 30 seconds per move from move one."]
[WhiteTitle "GM"]
[BlackTitle "FM"]
[WhiteFideId "2200031"]
[BlackFideId "1715011"]
[WhiteElo "2348"]
[BlackElo "2302"]

1. d4 Nf6 2. Bg5 Ne4 3. Bh4 c5 4. f3 g5 5. fxe4 gxh4 6. e3 Bh6 7. Nd2 Bxe3 8. d5 d6 9. Nc4 Bh6 10.
Qh5 Bg7 11. Nf3 b5 12. Ng5 Rf8 13. Nd2 Qa5 14. c3 h6 15. Ne6 Bxe6 16. dxe6 Nc6 17. Qd5 Rc8 18. Be2 Kd8 19. exf7 Kc7 20.
a4 a6 21. O-O Qb6 22. axb5 axb5 23. Bg4 Rcd8 24. Kh1 Bf6 25. Qe6 Ne5 26. Bh5 d5 27. Qxb6+ Kxb6 28. exd5 Nxf7 29. Ne4 Ng5 30.
Nxg5 hxg5 31. Rf5 Ra8 32. Raf1 Rfd8 33. Bf7 Rd6 34. R5f2 Ra2 35. g3 b4 36. gxh4 gxh4 37. cxb4 cxb4 38.
b3 Rxf2 39. Rxf2 Kb5 40. Rc2 Bc3 41. Re2 Rf6 42. Be6 Rf4 43. Kg2 Kc5 44. h3 Kd6 45. Bg8 Bd4 46. Rd2 Ke5 47. Re2+ Kd6 48.
Rd2 Ke5 49. Re2+ Kd6 50. Rd2 Ke5 51. Re2+ Kd6 52. Rd2 Ke5 53. Re2+ Kd6 54. Rd2 Ke5 55. Re2+ Kd6 1/2-1/2

[Event "Elitserien 2019/2020, round 7-9"]
[Site "Elite stadshotellet, Kungsgatan 6, Vaxjo, Sweden"]
[Date "2020.10.16"]
[Round "1.6"]
[White "Trost, Edvin"]
[Black "Wenzel, Birger"]
[Result "1-0"]
[TimeControl "90 minutes for 40 moves + 30 minutes for the rest of the game + 30 seconds per move from move one."]
[WhiteTitle "CM"]
[WhiteFideId "1729519"]
[BlackFideId "4657497"]
[WhiteElo "2111"]
[BlackElo "2059"]

1. d4 Nf6 2. c4 e6 3. Nf3 b6 4. g3 Bb7 5. Bg2 Be7 6. O-O O-O 7. d5 exd5 8. Nh4 c6 9. cxd5 Nxd5 10.
Nf5 Nc7 11. e4 d5 12. Nc3 Nba6 13. Qg4 Bf6 14. exd5 cxd5 15. Rd1 Bxc3 16. bxc3 Ne6 17. c4 Qf6 18. Rb1 Rfe8 19. cxd5 Nec5 20.
Bb2 Qg6 21. Qf4 Re2 22. Bf3 Ree8 23. Nxg7 Nd3 24. Rxd3 Qxd3 25. Rd1 Qg6 26. Bh5 1-0

[Event "Elitserien 2019/2020, round 7-9"]
[Site "Elite stadshotellet, Kungsgatan 6, Vaxjo, Sweden"]
[Date "2020.10.16"]
[Round "1.7"]
[White "Moreau, Teodor"]
[Black "Crevatin, Leo"]
[Result "1-0"]
[TimeControl "90 minutes for 40 moves + 30 minutes for the rest of the game + 30 seconds per move from move one."]
[WhiteTitle "FM"]
[BlackTitle "CM"]
[WhiteFideId "1701177"]
[BlackFideId "1726307"]
[WhiteElo "2342"]
[BlackElo "2247"]

1. d4 d5 2. c4 c6 3. Nc3 Nf6 4. e3 e6 5. Nf3 Nbd7 6. Bd3 dxc4 7. Bxc4 b5 8. Bd3 Bd6 9. e4 e5 10.
O-O O-O 11. h3 Re8 12. a3 a6 13. Re1 exd4 14. Nxd4 Ne5 15. Bf1 c5 16. Nf5 Bxf5 17. exf5 Qc7 18. Bg5 Ned7 19. Rxe8+ Rxe8 20.
a4 b4 21. Nd5 Nxd5 22. Qxd5 Nb6 23. Qd2 a5 24. Bb5 Rf8 25. Rc1 h6 26. Be3 Rd8 27. Qc2 Be7 28. g3 c4 29. Bxb6 Qxb6 30.
Bxc4 Bg5 31. Rd1 Rxd1+ 32. Qxd1 Qd8 33. Qf3 Qc7 34. Qe4 Be7 35. f6 Bf8 36. fxg7 Bxg7 37. b3 Kf8 38. Kg2 Bf6 39.
Qd5 Kg7 40. Kg1 Bc3 41. Qf5 Bf6 42. Bd3 Qc1+ 43. Kg2 Qg5 44. Qe4 Kf8 45. Bc4 Qe5 46. Qb7 Be7 47. h4 Kg7 48. Qf3 Bf6 49.
Qa8 Be7 50. Qe8 Qf6 51. Qd7 Qe5 52. Kh3 Qd6 53. Qf5 Qf6 54. Qxa5 Qxf2 55. Qe5+ Bf6 56. Qd5 Bd4 57. a5 Bc5 58.
Qe5+ Kf8 59. Kg4 Qg1 60. Kh5 Qe3 61. Qf5 Qe7 62. Kxh6 Be3+ 63. Kh5 Qc7 64. a6 Bd4 65. Kg4 f6 66. Qd5 Qg7+ 67. Kf3 Qa7 68. Ke4 Bf2 69.
Qg8+ Ke7 70. Qf7+ Kd6 71. Qxf6+ 1-0

[Event "Elitserien 2019/2020, round 7-9"]
[Site "Elite stadshotellet, Kungsgatan 6, Vaxjo, Sweden"]
[Date "2020.10.16"]
[Round "1.8"]
[White "Tuomainen, Felix"]
[Black "Nordstrom, Felix"]
[Result "1/2-1/2"]
[TimeControl "90 minutes for 40 moves + 30 minutes for the rest of the game + 30 seconds per move from move one."]
[WhiteTitle "FM"]
[BlackTitle "FM"]
[WhiteFideId "1720813"]
[BlackFideId "1701509"]
[WhiteElo "2208"]
[BlackElo "2096"]

1. d4 d5 2. c4 dxc4 3. e3 Nf6 4. Bxc4 e6 5. Nf3 c5 6. O-O a6 7. a4 Nc6 8. Qe2 cxd4 9. Rd1 Be7 10.
exd4 Nb4 11. Ne5 O-O 12. Bg5 Nfd5 13. Bxe7 Qxe7 14. Nc3 Bd7 15. Qe4 Rfd8 16. Re1 Be8 17. Rac1 Qd6 18. Qf3 Nf6 19.
Red1 Rab8 20. Bb3 Nbd5 21. h3 Qb6 22. Ne2 Qd6 23. Ng3 Rbc8 24. Ne4 Nxe4 25. Qxe4 b6 26. Bc2 g6 27. Qe2 b5 28.
axb5 Bxb5 29. Qf3 Qe7 30. Ng4 Qg5 31. g3 h5 32. Ne3 Bc6 33. Nxd5 Bxd5 34. Qe3 Qe7 35. Be4 Qb7 36. Bxd5 Qxd5 37.
Rxc8 Rxc8 38. Ra1 Qb5 39. Qd2 Rd8 40. Qc3 Qb6 41. Kg2 Qb7+ 42. Kh2 Rd6 43. Rc1 Qb6 44. Qc5 Qxb2 45. Qxd6 Qxc1 46.
Qxa6 Qd2 47. Qa8+ Kg7 48. Qf3 Qxd4 49. h4 Qf6 50. Qe3 e5 51. Kg1 Qe6 52. Qe4 f6 53. Qb7+ Qf7 54. Qe4 Qe7 55.
Qd5 g5 56. hxg5 fxg5 57. Qf3 Kh6 58. Qc6+ Kg7 59. Qf3 Kh6 1/2-1/2

[Event "Elitserien 2019/2020, round 7-9"]
[Site "Elite stadshotellet, Kungsgatan 6, Vaxjo, Sweden"]
[Date "2020.10.16"]
[Round "1.9"]
[White "Seo, Jung Min"]
[Black "Cuenca Jimenez, Jose Fernando"]
[Result "1/2-1/2"]
[TimeControl "90 minutes for 40 moves + 30 minutes for the rest of the game + 30 seconds per move from move one."]
[WhiteTitle "FM"]
[BlackTitle "GM"]
[WhiteFideId "1734687"]
[BlackFideId "2255570"]
[WhiteElo "2448"]
[BlackElo "2538"]

1. e4 e5 2. Nf3 Nc6 3. Bc4 Bc5 4. d3 Nf6 5. c3 O-O 6. O-O d5 7. exd5 Nxd5 8. Nbd2 Bg4 9. h3 Bh5 10.
Ne4 Bb6 11. Ng3 Bg6 12. Re1 f6 13. Nh4 Bf7 14. Qg4 Kh8 15. Nhf5 Rg8 16. Qf3 Qd7 17. Bb3 Rae8 18. h4 Be6 19.
h5 Nce7 20. Nxe7 Rxe7 21. Bd2 c6 22. Bd1 Rf7 23. a4 a5 24. Rc1 g5 25. d4 Nf4 26. Bc2 exd4 27. Bxf4 gxf4 28. Qxf4 Rg4 29.
Qb8+ Rg8 30. Qf4 Rg4 31. Qb8+ Rg8 32. Qf4 d3 33. Rcd1 Rg4 34. Qb8+ Rg8 35. Qf4 Rg4 36. Qb8+ Rg8 37. Qf4 Rg4 38. Qb8+ Rg8 39.
Qf4 Rg4 1/2-1/2

[Event "Elitserien 2019/2020, round 7-9"]
[Site "Elite stadshotellet, Kungsgatan 6, Vaxjo, Sweden"]
[Date "2020.10.16"]
[Round "1.10"]
[White "Hillarp Persson, Tiger"]
[Black "Westerberg, Jonathan"]
[Result "1/2-1/2"]
[TimeControl "90 minutes for 40 moves + 30 minutes for the rest of the game + 30 seconds per move from move one."]
[WhiteTitle "GM"]
[BlackTitle "IM"]
[WhiteFideId "1700812"]
[BlackFideId "1701754"]
[WhiteElo "2546"]
[BlackElo "2556"]

1. c4 e5 2. g3 Nc6 3. Nc3 Bb4 4. Nd5 Bc5 5. Bg2 Nf6 6. Nf3 O-O 7. d3 h6 8. O-O d6 9. e3 a6 10.
b3 Ba7 11. Nd2 Bf5 12. Qe2 Nxd5 13. cxd5 Ne7 14. Nc4 Qd7 15. e4 Bh3 16. Be3 Bxg2 17. Kxg2 b5 18. Bxa7 bxc4 19. Be3 cxb3 20.
axb3 c6 21. dxc6 Qxc6 22. Rfc1 Qb7 23. Qc2 Rfc8 24. Qa2 d5 25. Qa4 dxe4 26. dxe4 Nf5 27. Bc5 Nd4 28. Bxd4 Rxc1 29. Rxc1 Qxe4+ 30. Kg1 exd4 31. Rd1 Rd8 32. Qxa6 d3 33. Qa5 Rd5 34. Qd2 Qe2 1/2-1/2

[Event "Elitserien 2019/2020, round 7-9"]
[Site "Elite stadshotellet, Kungsgatan 6, Vaxjo, Sweden"]
[Date "2020.10.16"]
[Round "1.11"]
[White "Hauge, Lars Oskar"]
[Black "Smith, Axel"]
[Result "1/2-1/2"]
[TimeControl "90 minutes for 40 moves + 30 minutes for the rest of the game + 30 seconds per move from move one."]
[WhiteTitle "IM"]
[BlackTitle "GM"]
[WhiteFideId "1509276"]
[BlackFideId "1707930"]
[WhiteElo "2493"]
[BlackElo "2469"]

1. e4 e6 2. d4 d5 3. Nd2 c5 4. exd5 Qxd5 5. dxc5 Bxc5 6. Ngf3 Nf6 7. Bc4 Qc6 8. Qe2 O-O 9. O-O a6 10.
Bd3 Nbd7 11. Ne4 Nxe4 12. Bxe4 Qc7 13. Bd3 Nf6 14. Bg5 h6 15. Bxf6 gxf6 16. Rad1 Re8 17. Rfe1 Qf4 18. g3 Qg4 19.
Kg2 e5 20. Nh4 Qxe2 21. Rxe2 Be6 22. Be4 Rad8 23. Red2 Rxd2 24. Rxd2 b5 25. Kf3 b4 26. Nf5 h5 27. Ne3 Bd4 28.
b3 Rb8 29. Bd5 Bd7 30. Ke2 Rb5 31. Bf3 Kg7 32. Bxh5 Ra5 33. Bg4 Bb5+ 34. Kf3 Bc6+ 35. Ke2 Bb5+ 36. Kf3 Bc6+ 37. Ke2 1/2-1/2

[Event "Elitserien 2019/2020, round 7-9"]
[Site "Elite stadshotellet, Kungsgatan 6, Vaxjo, Sweden"]
[Date "2020.10.16"]
[Round "1.12"]
[White "Ahlander, Bjorn"]
[Black "Ertan, Can"]
[Result "0-1"]
[TimeControl "90 minutes for 40 moves + 30 minutes for the rest of the game + 30 seconds per move from move one."]
[WhiteTitle "IM"]
[BlackTitle "IM"]
[WhiteFideId "1700251"]
[BlackFideId "6306330"]
[WhiteElo "2418"]
[BlackElo "2387"]

1. d4 Nf6 2. c4 e6 3. g3 d5 4. Bg2 dxc4 5. Nf3 Bb4+ 6. Bd2 a5 7. O-O O-O 8. Na3 Bxa3 9. bxa3 Nc6 10.
e3 Qd6 11. Qc1 Rd8 12. Rd1 e5 13. dxe5 Nxe5 14. Nxe5 Qxe5 15. Bc3 Rxd1+ 16. Qxd1 Qe7 17. Qd4 c6 18. Qxc4 Qxa3 19. Bd4 Be6 20.
Qc2 Rd8 21. Rb1 Bc8 22. Bxf6 gxf6 23. Be4 h6 24. Bf5 Bxf5 25. Qxf5 Qxa2 26. Qg4+ Kf8 27. Rxb7 Qc2 28. Kg2 f5 29.
Qh4 Qe4+ 30. Qxe4 fxe4 31. Ra7 Rd5 32. g4 h5 33. Kg3 hxg4 34. Kxg4 Kg7 35. Kf4 Rd2 36. Rxa5 Rxf2+ 37. Kxe4 Rxh2 38.
Ra7 Kf6 39. Kd3 Rh1 40. Rc7 Rc1 41. Ke4 Ke6 42. Rc8 Kd6 43. Rf8 Rf1 44. Kd4 Rd1+ 45. Ke4 Ke7 46. Rc8 Kd7 47. Rf8 Ke6 48.
Re8+ Kf6 49. Rc8 Rd6 50. Kf4 Kg6 51. e4 Rf6+ 52. Ke5 Re6+ 53. Kf4 Rf6+ 54. Ke5 Kg5 55. Rc7 Re6+ 56. Kd4 f6 57.
Rh7 c5+ 58. Kd3 c4+ 59. Kd4 c3 60. Rh1 c2 61. Rc1 Kf4 62. Rf1 Kg3 63. Rc1 Kf3 64. Kd3 Rd6+ 65. Kc3 Rc6+ 66. Kd3 Rd6+ 67.
Kc3 Kxe4 68. Re1+ Kf3 69. Kxc2 f5 70. Rf1+ Kg4 71. Rg1+ Kh3 72. Rf1 Rd5 73. Rh1+ Kg2 74. Rh5 Kg3 75. Rg5+ Kf4 76. Rg1 Ke3 77. Rg5 Ke4 78. Kc3 Rd8 79. Rg2 f4 80. Rh2 Ke3 81.
Rh7 Rc8+ 82. Kb2 f3 83. Re7+ Kd2 84. Rd7 Ke1 85. Re7+ Kf1 86. Re6 f2 87. Rf6 Re8 88. Kc2 Ke2 0-1

[Event "Elitserien 2019/2020, round 7-9"]
[Site "Elite stadshotellet, Kungsgatan 6, Vaxjo, Sweden"]
[Date "2020.10.16"]
[Round "1.13"]
[White "Lokander, Martin"]
[Black "Kucuksari, Kaan"]
[Result "1-0"]
[TimeControl "90 minutes for 40 moves + 30 minutes for the rest of the game + 30 seconds per move from move one."]
[WhiteTitle "IM"]
[BlackTitle "FM"]
[WhiteFideId "1709569"]
[BlackFideId "6380166"]
[WhiteElo "2399"]
[BlackElo "2308"]

1. d4 Nf6 2. c4 e6 3. Nf3 b6 4. Bf4 Bb7 5. e3 Be7 6. Nc3 d5 7. cxd5 Nxd5 8. Nxd5 Qxd5 9. Bd3 Qa5+ 10.
Nd2 c5 11. dxc5 O-O 12. O-O Qxc5 13. Rc1 Qb4 14. Nc4 Bd5 15. Qe2 Nd7 16. e4 Bb7 17. Bd2 Qc5 18. Na5 bxa5 19. Rxc5 Nxc5 20.
Bxa5 Nxd3 21. Qxd3 Bc6 22. Rc1 Rfc8 23. h3 a6 24. a4 h6 25. b4 Kh7 26. Kh2 Bg5 27. Ra1 Be8 28. Bb6 Bf4+ 29.
g3 Be5 30. Ra3 Kg8 31. Be3 Bc6 32.
b5 axb5 33. axb5 Rxa3 34. Qxa3 Bxe4 35. b6 Ra8 36. Qb4 Bd5 37. Bd4 Bxd4 38. Qxd4 Rb8 39. Qc5 Rb7 40. f4 g6 41. Qd6 h5 42.
Kg1 f5 43. Kf2 Rf7 44. Ke3 Kg7 45. Kd4 Kh7 46. Ke5 Kg7 47. Qd8 Rf8 48. Qc7+ Rf7 49. Qc3 Rd7 50. Qc8 Rf7 51. Kd6 Kh7 52.
Kc5 Kg7 53. Kb5 Kh7 54. Kc5 Kg7 55. Kd6 Kh7 56. Qc3 Kg8 57. Qc1 Kh7 58. Qc2 Kg7 59. Ke5 Rd7 60. Qc8 Rf7 61. Qd8 Rf8 62.
Qe7+ Rf7 63. Qg5 Kh7 64. Kd6 Kg7 65. Qh4 Rb7 66. Kc5 Rd7 67. Qg5 Bf3 68. Kb4 Rd4+ 69. Kc3 Rd7 70. Kc4 Be2+ 71.
Kc5 Bf3 72. Kb5 Bd1 73. Kc6 Ba4+ 74.
Kc5 Bd1 75. g4 Bf3 76. gxh5 Bxh5 77. Kc6 Rd3 78. Qe7+ Kh6 79. Qf8 Kh7 80. Qf7+ Kh8 81. b7 Bf3+ 82. Kc7 Bxb7 83. Kxb7 Rxh3 84.
Kc6 Rd3 85. Qxg6 Rh3 86. Kd6 Rh7 87. Qe8+ Kg7 88. Qe7+ Kg8 89. Qxe6+ Rf7 90. Qg6+ Kh8 91. Qh6+ Kg8 92. Ke6 Rf8 93.
Qg6+ Kh8 94. Qxf5 Re8+ 95. Kd5 Rd8+ 96.
Kc6 Rg8 97. Qh5+ Kg7 98. Kd7 Rf8 99. Qg5 Kh7 100. f5 Ra8 101. Qg6 Kh8 102. Qe8+ 1-0

[Event "Elitserien 2019/2020, round 7-9"]
[Site "Elite stadshotellet, Kungsgatan 6, Vaxjo, Sweden"]
[Date "2020.10.16"]
[Round "1.14"]
[White "Mauritsson, Sebastian"]
[Black "Arman, Deniz"]
[Result "1-0"]
[TimeControl "90 minutes for 40 moves + 30 minutes for the rest of the game + 30 seconds per move from move one."]
[WhiteTitle "FM"]
[BlackTitle "FM"]
[WhiteFideId "1707892"]
[BlackFideId "6302106"]
[WhiteElo "2362"]
[BlackElo "2318"]

1. e4 c5 2. Nf3 Nc6 3. d4 cxd4 4. Nxd4 g6 5. Nc3 Bg7 6. Be3 Nf6 7. Bc4 O-O 8. Bb3 d5 9. exd5 Na5 10.
Nde2 b6 11. O-O Bb7 12. d6 e6 13. Qd2 Nxb3 14. axb3 Qd7 15. Rfd1 Ng4 16. f3 Nxe3 17. Qxe3 Rfc8 18. Rd2 Rc5 19.
Ng3 f5 20. Nge2 Re5 21. Qd3 g5 22. b4 a5 23. bxa5 bxa5 24. Qc4 Rc8 25. Qa4 Bc6 26. Qb3 g4 27. f4 Qa7+ 28. Kh1 Qf2 29.
Rg1 Re3 30. d7 Rd8 31. Qb6 Rxd7 32. Rxd7 Bxg2+ 33. Rxg2 Qf1+ 34. Ng1 Qxf4 35. Qd8+ Bf8 36. Qe8 1-0

[Event "Elitserien 2019/2020, round 7-9"]
[Site "Elite stadshotellet, Kungsgatan 6, Vaxjo, Sweden"]
[Date "2020.10.16"]
[Round "1.15"]
[White "Olund, Joar"]
[Black "Dragicevic, Drazen"]
[Result "1/2-1/2"]
[TimeControl "90 minutes for 40 moves + 30 minutes for the rest of the game + 30 seconds per move from move one."]
[WhiteTitle "FM"]
[BlackTitle "FM"]
[WhiteFideId "1714848"]
[BlackFideId "1707922"]
[WhiteElo "2322"]
[BlackElo "2286"]

1. d4 Nf6 2. Bg5 e6 3. e4 h6 4. Bxf6 Qxf6 5. c3 c5 6. Nf3 cxd4 7. cxd4 Bb4+ 8. Nbd2 Qf4 9. Bd3 Nc6 10.
a3 Bxd2+ 11. Qxd2 Qxd2+ 12. Kxd2 d6 13. Rac1 Bd7 14. Rc3 Kd8 1/2-1/2

[Event "Elitserien 2019/2020, round 7-9"]
[Site "Elite stadshotellet, Kungsgatan 6, Vaxjo, Sweden"]
[Date "2020.10.16"]
[Round "1.16"]
[White "Jogstad, Martin"]
[Black "Thorn, Eric"]
[Result "1-0"]
[TimeControl "90 minutes for 40 moves + 30 minutes for the rest of the game + 30 seconds per move from move one."]
[WhiteTitle "FM"]
[BlackTitle "FM"]
[WhiteFideId "1715364"]
[BlackFideId "1710729"]
[WhiteElo "2302"]
[BlackElo "2262"]

1. d4 Nf6 2. c4 e6 3. g3 d5 4. Nf3 Be7 5. Bg2 O-O 6. O-O dxc4 7. Ne5 Nc6 8. Nxc6 bxc6 9. Na3 Bxa3 10.
bxa3 Ba6 11. Qd2 Rb8 12. Qa5 Rb6 13. a4 Qd6 14. a3 Rd8 15. Bf4 Qd7 16. e4 Qc8 17. Rfd1 Rd7 18. Bg5 Ne8 19.
Be3 Nd6 20. d5 cxd5 21. exd5 Nb7 22. Qe1 Rbd6 23. dxe6 Rxd1 24. exf7+ Kxf7 25. Rxd1 Rxd1 26. Qxd1 Qf5 27. g4 Qd3 28.
Bd5+ Ke8 29. Bc6+ Ke7 30. Qe1 Kd6 31. Be8 Qe4 32. Qd1+ Qd3 33. Qf3 c5 34. Qf4+ Ke7 35. Qf7+ Kd8 36.
Bg5+ Kc8 37. Qe6+ Kc7 38. Qc6+ 1-0

[Event "Elitserien 2019/2020, round 7-9"]
[Site "Elite stadshotellet, Kungsgatan 6, Vaxjo, Sweden"]
[Date "2020.10.17"]
[Round "2.1"]
[White "Cuenca Jimenez, Jose Fernando"]
[Black "Grigorov, Grigor"]
[Result "1/2-1/2"]
[TimeControl "90 minutes for 40 moves + 30 minutes for the rest of the game + 30 seconds per move from move one."]
[WhiteTitle "GM"]
[BlackTitle "GM"]
[WhiteFideId "2255570"]
[BlackFideId "2907313"]
[WhiteElo "2538"]
[BlackElo "2507"]

1. d4 Nf6 2. c4 e6 3. Nf3 b6 4. g3 Bb7 5. Bg2 Be7 6. O-O O-O 7. Nc3 Ne4 8. Bd2 Bf6 9. Be1 Nxc3 10.
Bxc3 Be4 11. Rc1 d5 12. Qa4 Qd7 13. Qxd7 Nxd7 14. cxd5 Bxd5 15. Nd2 Bxg2 16. Kxg2 c5 17. dxc5 Bxc3 18.
Rxc3 Nxc5 19. b4 Rfd8 20. Nf3 Ne4 21. Rc7 a5 22. b5 Rd5 23. Rfc1 Kf8 24. a4 Nc5 25. Rc4 Rad8 26. e4 R5d7 27.
Rc6 Rd6 28. Ne5 f6 29. Rxd6 Rxd6 30. Nc6 Rd2 31. Nxa5 Ra2 32. Nc6 Nxa4 33. Nb4 Rb2 34. Na6 Ra2 35. Rc6 Rb2 36. Rc4 Ra2 37.
h4 h5 38. Nb4 Rd2 39. Na6 Nb2 40. Rc6 Nd3 41. Rxb6 Nxf2 42. Rb8+ 1/2-1/2

[Event "Elitserien 2019/2020, round 7-9"]
[Site "Elite stadshotellet, Kungsgatan 6, Vaxjo, Sweden"]
[Date "2020.10.17"]
[Round "2.2"]
[White "Cramling, Pia"]
[Black "Hillarp Persson, Tiger"]
[Result "1/2-1/2"]
[TimeControl "90 minutes for 40 moves + 30 minutes for the rest of the game + 30 seconds per move from move one."]
[WhiteTitle "GM"]
[BlackTitle "GM"]
[WhiteFideId "1700030"]
[BlackFideId "1700812"]
[WhiteElo "2470"]
[BlackElo "2546"]

1. d4 Nf6 2. c4 g6 3. Nc3 Bg7 4. e4 d6 5. h3 O-O 6. Be3 e5 7. d5 Na6 8. Bd3 c6 9. Nge2 Bd7 10.
a3 cxd5 11. cxd5 Nc5 12. Bc2 Nh5 13. O-O Rc8 14. Qd2 a5 15. b4 axb4 16. axb4 Na6 17. Ba4 f5 18. Bg5 Qe8 19. Bxd7 Qxd7 20.
Na4 Qf7 21. Nb6 Rc7 22. Rac1 f4 23. f3 Bf6 24. Bxf6 Nxf6 25. Nc3 Qe8 26. Nca4 Qb5 27. Rxc7 Nxc7 28. Qc3 Na8 29. Nxa8 Rxa8 30.
Nb2 Nh5 31. Nd3 Ng3 32. Re1 Ra2 33. Kh2 Qb6 34. Qc8+ Kg7 35. Rc1 Kh6 36. Qf8+ Kg5 37. Qe7+ Kh6 38. Qf8+ Kg5 39. Qe7+ Kh6 40.
Qf8+ 1/2-1/2

[Event "Elitserien 2019/2020, round 7-9"]
[Site "Elite stadshotellet, Kungsgatan 6, Vaxjo, Sweden"]
[Date "2020.10.17"]
[Round "2.3"]
[White "Ahlander, Bjorn"]
[Black "Berg, Emanuel"]
[Result "1/2-1/2"]
[TimeControl "90 minutes for 40 moves + 30 minutes for the rest of the game + 30 seconds per move from move one."]
[WhiteTitle "IM"]
[BlackTitle "GM"]
[WhiteFideId "1700251"]
[BlackFideId "1704060"]
[WhiteElo "2418"]
[BlackElo "2544"]

1. d4 Nf6 2. c4 g6 3. Nc3 Bg7 4. e4 d6 5. Nf3 O-O 6. Be2 e5 7. O-O Nc6 8. dxe5 Nxe5 9. Nxe5 dxe5 10.
Be3 c6 11. Qa4 Be6 12. b4 Nd7 13. b5 Qc7 14. bxc6 bxc6 15. Rab1 Rfb8 16. Rxb8+ Rxb8 17. Qxa7 Qxa7 18. Bxa7 Rb2 19.
Be3 Bf8 20. Rb1 Rc2 21. Rc1 Rxc1+ 22. Bxc1 Nb6 23. Bd3 Nxc4 24. Kf1 Bb4 25. Nb1 f5 26. f3 Kf7 27. Ke2 fxe4 28. Bxe4 Nd6 29.
a3 Nxe4 30. axb4 Ba2 31. fxe4 Bxb1 32. Ke3 g5 33. Bb2 Kf6 34. g3 h5 35. h4 g4 36. Bc3 Ke6 37. Bb2 Kf6 38. Bc3 Ke6 1/2-1/2